 Seeded DCSS version 0.29.1-13-g9f3cf754e1 (webtiles) character file.

Game seed: 16245865983455551772 (custom seed)

172 OTABOTABOTAB the Grave Robber (level 5, 0/35 HPs)
             Began as a Mummy Necromancer on Jan 24, 2023.
             Slain by a shadow imp (5 damage)
             ... summoned by Natasha
             ... on level 3 of the Dungeon.
             The game lasted 00:07:18 (2871 turns).

OTABOTABOTAB the Grave Robber (Mummy Necromancer)   Turns: 2871, Time: 00:07:18

Health: 0/35       AC:  2    Str: 12    XL:     5   Next: 27%
Magic:  4/11       EV: 12    Int: 28    God:
Gold:   1161       SH:  0    Dex: 12    Spells: 4/12 levels left

rFire   x . .      SeeInvis .   a - staff of death {rN+}
rCold   + . .      Faith    .   (no shield)
rNeg    + + +      Spirit   .   e - +0 robe
rPois   ∞          Reflect  .   (no helmet)
rElec   .          Harm     .   (no cloak)
rCorr   .          Rampage  .   (no gloves)
Will    .....                   (no boots)
Stlth   ++........              (no amulet)
HPRegen 0.11/turn               I - +6 ring of intelligence
MPRegen 0.12/turn               i - +6 ring of intelligence

@: animating dead
A: cold resistance 1, negative energy resistance 3, torment resistance 2, heat
vulnerability 1, in touch with death 1, no potions
a: no special abilities


You were on level 3 of the Dungeon.
You visited 1 branch of the dungeon, and saw 3 of its levels.

You collected 1161 gold pieces.

Inventory:

Hand Weapons
 b - a +2 longbow of flaming
   (You acquired it on level 1 of the Dungeon)
 c - a +0 dagger
   (You found it on level 1 of the Dungeon)
 d - a +0 dagger
   (You took it off a goblin on level 1 of the Dungeon)
 f - a +0 sling
   (You found it on level 1 of the Dungeon)
Missiles
 g - 6 poisoned darts
 s - 28 stones
Armour
 e - a +0 robe (worn)
Magical Staves
 a - a staff of death (weapon) {rN+}
   (You acquired it on level 1 of the Dungeon)
Jewellery
 i - a +6 ring of intelligence (right hand)
   (You found it on level 1 of the Dungeon)
 I - a +6 ring of intelligence (left hand)
   (You found it on level 1 of the Dungeon)
Wands
 n - a wand of roots (4)
   (You found it on level 3 of the Dungeon)
Scrolls
 h - 2 scrolls of teleportation {unknown}
 j - 3 scrolls of identify {unknown}
 k - a scroll of enchant weapon {unknown}
 l - a scroll of summoning {unknown}
 m - a scroll of noise {unknown}


   Skills:
 - Level 1.7 Dodging
 - Level 1.7 Stealth
 + Level 4.4 Spellcasting
 * Level 5.7 Necromancy


You had 4 spell levels left.
You knew the following spells:

 Your Spells              Type           Power      Damage    Failure   Level
a - Necrotise             Necr           100%       1d9       1%          1
x - Vampiric Draining     Necr           72%        2d11      1%          3
A - Animate Dead          Necr           72%        N/A       7%          4

Your spell library contained the following spells:

 Spells                   Type           Power      Damage    Failure   Level
 Sting                    Tmut/Pois      24%        1d4       7%          1
 Poisonous Vapours        Pois/Air       12%        N/A       11%         2
 Olgreb's Toxic Radiance  Pois           6%         N/A       56%         4
 Agony                    Necr           72%        N/A       19%         5
 Chain Lightning          Conj/Air       3%         3d4       100%        9
 Fire Storm               Conj/Fire      3%         8d1       100%        9
 Shatter                  Erth           3%         3d7*      100%        9


Dungeon Overview and Level Annotations

Branches:
Dungeon (3/15)

Altars:

Shops:
D:3 [

Annotations:
D:3 Natasha


Innate Abilities, Weirdness & Mutations

You are immune to poison.
Your flesh is cold resistant. (rC+)
You are immune to negative energy. (rN+++)
You are immune to unholy pain and torment.
You are vulnerable to heat. (rF-)
You are in touch with the powers of death.
You do not drink.


Message History

Natasha, Servant of Life and Death comes into view.
There is an open door here.
You feel a strong surge of power!
You dismiss your zombies and call upon the dead to rise afresh.
Your frilled lizard zombie crumbles into dust!
You now have 7/11 mp.
Natasha hisses angrily.
You hear a shout!
You hear an angry hiss.
A hobgoblin comes into view.
An adder comes into view.
A ball python comes into view.
A rat comes into view.
You closely miss Natasha. Natasha barely misses you.
The hobgoblin hits the plant.
The plant begins to die.
You hit Natasha. Natasha closely misses you.
The hobgoblin hits the plant.
You hit Natasha but do no damage. Natasha closely misses you.
Natasha claws you.
You take 4 damage, and have 31/35 hp.
Aim: an adder You feel a strong surge of power!
You draw life force from the adder!
You feel life coursing into your body. The adder barely misses you.
Natasha closely misses you. The adder bites you.
You regained 2 hp, and now have 33/35 hp.
You now have 4/11 mp.
Aim: an adder (almost dead)
You feel a strong surge of power!
You draw life force from the adder!
You kill the adder!
You feel life coursing into your body.
The dead are slithering!
A nearby plant withers and dies.
The ball python bites you. The ball python grabs you.
The ball python constricts you. Natasha claws you.
You take 8 damage, and have 25/35 hp.
MASSIVE DAMAGE!!
You now have 2/11 mp.
You hit Natasha but do no damage. The ball python bites you.
The ball python constricts you. Natasha claws you. The ball python misses you.
The ball python constricts you.
You take 6 damage, and have 19/35 hp.
You escape the ball python's grasp.
Natasha attacks as you move away! Natasha claws you!
The hobgoblin attacks as you move away! The hobgoblin closely misses you.
You take 8 damage, and have 11/35 hp.
MASSIVE DAMAGE!!
Natasha casts a spell.
There is an open door here.
The hobgoblin attacks as you move away! The hobgoblin hits you.
* * * LOW HITPOINT WARNING * * *
You take 5 damage, and have 7/35 hp.
The hobgoblin attacks as you move away! The hobgoblin barely misses you.
Natasha misses your adder zombie.
Something closely misses your adder zombie.
Your adder zombie bites Natasha.
Okay, then.
You hit the hobgoblin but do no damage.
The hobgoblin writhes in agony.
Your adder zombie completely misses Natasha.
Natasha closely misses your adder zombie.
Something barely misses your adder zombie.
The hobgoblin barely misses you.
The ball python bites your adder zombie.
The ball python grabs your adder zombie.
The ball python constricts your adder zombie.
The hobgoblin closely misses you. Something bites your adder zombie.
Your adder zombie barely misses the ball python.
Natasha claws your adder zombie!
You hit the hobgoblin but do no damage.
The hobgoblin writhes in agony.
You kill the hobgoblin!
The dead are walking!
The ball python bites your adder zombie.
Your adder zombie is destroyed!
Natasha extends her claws.
You can't see any susceptible monsters within range! (Use Z to cast anyway.) Unknown command.
The crimson imp shouts, "Away with thee, thou fobbing lifeless wormtrail!"
The rat closely misses your hobgoblin zombie.
Natasha mumbles some strange words.
You feel disoriented.
Your hobgoblin zombie hits the ball python.
The rat bites your hobgoblin zombie.
The ball python completely misses your hobgoblin zombie.
The ball python grabs your hobgoblin zombie.
The ball python constricts your hobgoblin zombie.
The ball python bites your hobgoblin zombie.
The ball python constricts your hobgoblin zombie.
The rat twitches its whiskers.
The rat bites your hobgoblin zombie.
Your hobgoblin zombie misses the rat.
The ball python bites your hobgoblin zombie.
Your hobgoblin zombie is destroyed!
Natasha mumbles some strange words.
You can't see any susceptible monsters within range! (Use Z to cast anyway.)
You barely miss the shadow imp.
The crimson imp blinks!
The shadow imp closely misses you.
You barely miss the shadow imp.
The shadow imp hits you but does no damage.
Natasha casts a spell.
The shadow imp attacks as you move away!
The shadow imp hits you.
* * * LOW HITPOINT WARNING * * *
You take 3 damage, and have 5/35 hp.
Natasha howls an incantation.
Natasha's front paws start to glow.
There is an escape hatch in the ceiling here.
The shadow imp hits you.
You die...

#.#
#.........##...
#..... #.#
#......r.5.....
#..... #.#
#....5.hS##.##.
#..... #.#
#####5#### #.....
#.# #.r# ##.....
..# ##h## #......
### #.S# ####'##
##5## ######.#
#@.## #....#'##
##..######.......#
##.#...##....)..#
#.....##.......#
#.##..##.......#
#.#............#
#.#.........#+##
#.#.####......#
..#.......>####


You could see Natasha, a crimson imp (summoned), a white imp (summoned), a
shadow imp (summoned), a ball python and a rat.

Vanquished Creatures
  An orc priest (D:3)
  Jessica (D:2)
  2 orc wizards (D:3)
  2 adders
  5 orcs (D:3)
  4 ball pythons
  2 bats
  4 endoplasms (D:1)
  2 goblins (D:1)
  6 hobgoblins
  3 kobolds
  3 quokkas (D:1)
  2 frilled lizards
  5 rats
42 creatures vanquished.

Vanquished Creatures (collateral kills)
  An endoplasm (D:3)
1 creature vanquished.

Vanquished Creatures (others)
  An adder zombie (D:3)
  A hobgoblin zombie (D:3)
  A plant (D:3)
3 creatures vanquished.

Grand Total: 46 creatures vanquished

Notes
Turn   | Place    | Note
-------+----------+-------------------------------------------
     0 | D:1      | OTABOTABOTAB the Mummy Necromancer began the quest for the
                  | Orb.
     0 | D:1      | Reached XP level 1. HP: 13/13 MP: 4/4
   107 | D:1      | Identified 3 scrolls of acquirement
   107 | D:1      | Acquired 1023 gold pieces
   109 | D:1      | Acquired a +2 longbow of flaming
   111 | D:1      | Acquired a staff of death
   258 | D:1      | Found a faded altar of an unknown god.
   278 | D:1      | Reached XP level 2. HP: 19/19 MP: 3/5
   352 | D:1      | Reached skill level 3 in Spellcasting
  1601 | D:2      | Gained mutation: You are in touch with the powers of death.
                  | [Mummy growth]
  1601 | D:2      | Reached XP level 3. HP: 24/24 MP: 3/7
  1656 | D:2      | Noticed Jessica
  1663 | D:2      | Killed Jessica
  2111 | D:2      | Learned a level 3 spell: Vampiric Draining
  2198 | D:3      | Reached skill level 5 in Necromancy
  2201 | D:3      | Reached XP level 4. HP: 25/30 MP: 3/9
  2213 | D:3      | Reached skill level 4 in Spellcasting
  2244 | D:3      | Reached XP level 5. HP: 27/35 MP: 0/11
  2266 | D:3      | HP: 6/35 [orc/+0 club (3)]
  2531 | D:3      | Learned a level 4 spell: Animate Dead
  2590 | D:3      | Found Ymmy Ciutu's Antique Armour Shoppe.
  2845 | D:3      | Noticed Natasha
  2857 | D:3      | HP: 7/35 [hobgoblin (5)]
  2869 | D:3      | HP: 5/35 [shadow imp[Natasha] (3)]
  2871 | D:3      | Slain by a shadow imp

Illustrated notes

Levels and vault maps discovered:
D:1:      minmay_arrival_hallway, layout_loops_corners, basic_ecumenical_altar,
          minmay_unequal
D:2:      layout_loops_ring, uniq_jessica
D:3:      layout_basic, serial_shops, nicolae_shop_advertising_works
          [nicolae_subvault_shop_adworks], minmay_shallow_snake_nest,
          uniq_natasha

Skill      XL: |  1  2  3  4 |
---------------+-------------+-----
Spellcasting   | 3 4 |  4.4
Necromancy     | 5 |  5.7
Dodging        | |  1.7
Stealth        | |  1.7

Action                   |  1- 3 |  4- 6 || total
-------------------------+-------+-------++-------
Melee: Unarmed           |     3 |       ||     3
       Staff             |    10 |    31 ||    41
 Fire: Longbow           |     4 |       ||     4
 Cast: Necrotise         |    44 |     9 ||    53
       Vampiric Draining |       |     5 ||     5
       Animate Dead      |       |     4 ||     4
  Use: Scroll            |     3 |       ||     3
Armor: Robe              |     4 |     3 ||     7
Dodge: Dodged            |    10 |    31 ||    41

Table legend: (Time is in decaauts)
 A = Elapsed time spent in this place.
 B = Non-inter-level travel time spent in this place.
 C = Inter-level travel time spent in this place.
 D = Time resting spent in this place.
 E = Time spent auto-exploring this place.
 F = Levels seen in this place.
 G = Mean time per level.
                   A        B        C        D        E       F      G
               +--------+--------+--------+--------+--------+-----+--------+
         Total |   2876 |   2791 |     85 |    274 |   2213 |   3 |  958.7 |
       Dungeon |   2876 |   2791 |     85 |    274 |   2213 |   3 |  958.7 |
               +--------+--------+--------+--------+--------+-----+--------+

Top non-repeatable levels by time:
     D:1: 1323 daAuts
     D:2: 794 daAuts
     D:3: 758 daAuts

Table legend:
 A = Kills in this place as a percentage of kills in entire the game.
 B = Kills by you in this place as a percentage of kills by you in the entire game.
 C = Kills by friends in this place as a percentage of kills by friends in the entire game.
 D = Other kills in this place as a percentage of other kills in the entire game.
 E = Experience gained in this place as a percentage of experience gained in the entire game.
 F = Experience gained in this place divided by the number of levels of this place that you have seen.
                   A       B       C       D       E      F
               +-------+-------+-------+-------+-------+----------------------
         Total | 100.0 | 100.0 | 100.0 |   N/A | 100.0 |  82.0
       Dungeon | 100.0 | 100.0 | 100.0 |   N/A | 100.0 |  82.0
               +-------+-------+-------+-------+-------+----------------------
